 Dungeon Crawl Stone Soup version 0.19.1 (webtiles) character file.

2139 buttonmasher the Basher (level 9, -13/72 HPs)
             Began as a Demonspawn Wanderer on Nov 30, 2016.
             Was an Initiate of Okawaru.
             Mangled by an orc warrior
             ... wielding a +0 scimitar
              (19 damage)
             ... on level 7 of the Dungeon.
             The game lasted 00:15:35 (6852 turns).

buttonmasher the Basher (Demonspawn Wanderer)       Turns: 6852, Time: 00:15:35

Health: -13/72     AC: 16    Str: 17    XL:     9   Next: 9%
Magic:  0/13       EV: 10    Int: 11    God:    Okawaru [......]
Gold:   482        SH:  0    Dex: 14    Spells: 0 memorised, 14 levels left

rFire  + . .     SeeInvis .     i - +3 morningstar (curse)
rCold  . . .     Gourm    .     g - +0 ring mail
rNeg   . . .     Faith    .     (no shield)
rPois  .         Spirit   +     h - +2 helmet
rElec  .         Reflect  .     u - +0 cloak
rCorr  .         Harm     .     (no gloves)
MR     .....     Rnd*Rage +     (no boots)
Stlth  +.........               (no amulet)
                                s - ring of protection from fire
                                l - +1 ring of protection

@: sanguine armour, heavily drained
A: claws 1, berserk 1, demonic guardian 1, robust 1, magic shield, sanguine
armour 1
a: Renounce Religion


You were on level 7 of the Dungeon.
You worshipped Okawaru.
Okawaru was noncommittal.
You were not hungry.

You visited 2 branches of the dungeon, and saw 8 of its levels.

You collected 482 gold pieces.

Inventory:

Hand Weapons
 e - a +0 club
 i - a cursed +3 morningstar (weapon)
 y - a +1 whip
Armour
 d - a +0 robe
 g - a +0 ring mail (worn)
 h - a +2 helmet (worn)
 u - a +0 cloak (worn)
Jewellery
 l - a +1 ring of protection (left claw)
 s - a ring of protection from fire (right claw)
Wands
 a - a wand of confusion (13/48)
Scrolls
 j - 4 scrolls of amnesia
 n - 4 scrolls of identify
 q - 4 scrolls of blinking
 w - 2 scrolls of remove curse
 z - a scroll of enchant armour
 B - a scroll of enchant weapon
 E - 2 scrolls of teleportation
Potions
 k - a potion of lignification
 o - a potion of agility
 p - a potion of might
 x - a potion of curing
 D - 2 potions of haste
Books
 b - Gin Posk's Incunabulum of Summoning

   Spells                             Type                      Level
   a - Summon Small Mammal            Summoning                    1
   b - Call Canine Familiar           Summoning                    3
 c - Ruf Poett's Reference Book on Changing

   Spells                             Type                      Level
   a - Passwall                       Transmutation/Earth          2
   b - Sticks to Snakes               Transmutation                2
 r - a book of the Earth

   Spells                             Type                      Level
   a - Leda's Liquefaction            Hexes/Earth                  4
   b - Bolt of Magma                  Conjuration/Fire/Earth       5
   c - Statue Form                    Transmutation/Earth          6
   d - Iron Shot                      Conjuration/Earth            6
   e - Shatter                        Earth                        9
Comestibles
 f - 4 bread rations
 m - 7 fruits
 t - 2 meat rations
 A - 3 beef jerkies


   Skills:
 + Level 4.5(2.0) Fighting
 * Level 9.6(6.8) Maces & Flails
   Level 2.6(4.0) Staves
 + Level 2.7(0.3) Armour
 - Level 3.0(0.5) Spellcasting
   Level 1.7(0.0) Fire Magic
 - Level 2.0(0.0) Evocations


You had 14 spell levels left.
You didn't know any spells.

Dungeon Overview and Level Annotations

Branches:
Dungeon (7/15)             Temple (1/1) D:6

Altars:
Cheibriados
Elyvilon
Fedhas
Gozag
Makhleb
Nemelex Xobeh
Okawaru
Qazlal
Sif Muna
Yredelemnul


Innate Abilities, Weirdness & Mutations

You have sharp fingernails.
A weak demonic guardian rushes to your aid.
When hurt, damage is shared between your health and your magic reserves.
When seriously injured, your bleeding wounds create armour. (AC +6)
You tend to lose your temper in combat.
You are robust. (+10% HP)


Message History

The orc warrior is severely wounded.
The orc warrior hits you but does no damage.
You closely miss the orc warrior.
The orc warrior is severely wounded.
The orc warrior hits you with a scimitar!
* * * LOW HITPOINT WARNING * * *
Your iron imp hits the orc warrior but does no damage.
You are too injured to fight recklessly!
You hit the orc warrior.
The orc warrior is almost dead.
The orc warrior misses you.
Your iron imp misses the orc warrior.
You hit the orc warrior but do no damage.
The orc warrior is almost dead.
The orc warrior hits you with a scimitar!!
* * * LOW HITPOINT WARNING * * *
Your iron imp hits the orc warrior but does no damage.
You hit the orc warrior but do no damage.
The orc warrior is almost dead.
The orc warrior hits you with a scimitar!!
You die...

##.... ..#
.#........#
..........#
##........#
..........###
##..........#
.......#)...#
#....)o5...#
##.#.##@...#
...........#
..#####.####
.. ####.####
. #.......#
.#..
#.##.##.#
.... #.##.##
# ....#####
#|##..#.#
#......#
#.###.#.#


You could see an orc warrior and a friendly iron imp.

Vanquished Creatures
  An ice beast (D:6)
  A sky beast (D:5)
  An orc warrior (D:6)
  2 phantoms
  5 ogres
  A centaur (D:6)
  A scorpion (D:5)
  9 wights
  2 crimson imps
  An orc priest (D:7)
  3 hounds
  A jelly (D:4)
  2 orc wizards
  3 iguanas
  3 worker ants
  A hound skeleton (D:6)
  6 gnolls
  14 adders
  A shadow imp (D:5)
  2 oozes (D:2)
  2 worms
  A dart slug (D:2)
  8 leopard geckos
  15 orcs
  4 giant cockroaches
  8 goblins
  10 hobgoblins
  5 jackals
  8 kobolds
  A quokka (D:6)
  A ball python (D:2)
  11 bats
  6 frilled lizards
  A jackal skeleton (D:6)
  A jackal zombie (D:7)
  A quokka zombie (D:6)
  12 rats
155 creatures vanquished.

Vanquished Creatures (others)
  A kraken (D:1)
  A ghoul (D:1)
  A minotaur (D:1)
  A gargoyle (D:1)
  2 vine stalkers (D:1)
  A formicid (D:1)
  A spriggan (D:1)
  A mummy (D:1)
  A kobold (D:1)
  4 tentacles (D:1)
14 creatures vanquished.

Grand Total: 169 creatures vanquished

Notes
Turn   | Place    | Note
-------+----------+-------------------------------------------
     0 | D:1      | buttonmasher the Demonspawn Wanderer began the quest for the Orb.
     0 | D:1      | buttonmasher set off with: a wand of confusion (15/48), Gin Posk's Incunabulum of Summoning, Ruf Poett's Reference Book on Changing, a +0 robe, a +0 club, a bread ration
     0 | D:1      | Reached XP level 1. HP: 13/13 MP: 4/4
     0 | D:1      | Identified Gin Posk's Incunabulum of Summoning
     0 | D:1      | Identified Ruf Poett's Reference Book on Changing
     2 | D:1      | Noticed a vine stalker
     2 | D:1      | Noticed a spriggan
     2 | D:1      | Noticed a formicid
     2 | D:1      | Noticed a ghoul
     2 | D:1      | Noticed a naga
     2 | D:1      | Noticed a gargoyle
     2 | D:1      | Noticed a kraken
     2 | D:1      | Noticed a minotaur
     2 | D:1      | Noticed a ghoul
     2 | D:1      | Noticed a human
     2 | D:1      | Noticed an ogre
     2 | D:1      | Noticed a ghoul
     2 | D:1      | Noticed a vine stalker
     3 | D:1      | Killed a gargoyle
     6 | D:1      | Killed a vine stalker
     7 | D:1      | Killed a ghoul
     8 | D:1      | Killed a spriggan
    10 | D:1      | Killed a vine stalker
    13 | D:1      | Killed a formicid
    13 | D:1      | Killed a minotaur
    14 | D:1      | Killed a kraken
    62 | D:1      | Reached skill level 1 in Fighting
   364 | D:1      | Gained mutation: When seriously injured, your bleeding wounds create armour. (AC +6) [demonic ancestry]
   364 | D:1      | Reached XP level 2. HP: 20/21 MP: 6/6
  1145 | D:2      | Reached XP level 3. HP: 28/28 MP: 7/7
  1520 | D:2      | Reached skill level 1 in Maces & Flails
  1697 | D:2      | Gained mutation: You have sharp fingernails. [demonic ancestry]
  1697 | D:2      | Reached XP level 4. HP: 20/35 MP: 8/8
  1936 | D:2      | Reached skill level 2 in Maces & Flails
  2608 | D:3      | Reached skill level 3 in Maces & Flails
  2773 | D:3      | Reached XP level 5. HP: 37/41 MP: 9/9
  3368 | D:4      | Noticed a phantom
  3477 | D:4      | Killed a phantom
  3477 | D:4      | Reached skill level 4 in Maces & Flails
  3647 | D:4      | Reached XP level 6. HP: 34/47 MP: 10/10
  3743 | D:4      | Gained mutation: You are robust. (+10% HP) [potion of mutation]
  3743 | D:4      | Gained mutation: You tend to lose your temper in combat. [potion of mutation]
  3886 | D:4      | Reached skill level 5 in Maces & Flails
  4300 | D:4      | Found a blossoming altar of Fedhas.
  4357 | D:5      | Entered Level 5 of the Dungeon
  4357 | D:5      | Noticed a sky beast
  4393 | D:5      | Found a sparkling altar of Nemelex Xobeh.
  4427 | D:5      | Found an opulent altar of Gozag.
  4428 | D:5      | Found a white marble altar of Elyvilon.
  4489 | D:5      | Reached skill level 6 in Maces & Flails
  4489 | D:5      | Reached XP level 7. HP: 32/57 MP: 11/11
  4971 | D:5      | Reached skill level 7 in Maces & Flails
  5460 | D:6      | Gained mutation: When hurt, damage is shared between your health and your magic reserves. [demonic ancestry]
  5460 | D:6      | Reached XP level 8. HP: 63/63 MP: 12/12
  5478 | D:6      | Reached skill level 8 in Maces & Flails
  5652 | D:6      | Reached skill level 1 in Armour
  5728 | D:6      | Reached skill level 9 in Maces & Flails
  6323 | D:6      | Found a staircase to the Ecumenical Temple.
  6335 | Temple   | Entered the Ecumenical Temple
  6429 | Temple   | Became a worshipper of Warmaster Okawaru
  6581 | D:7      | Gained mutation: A weak demonic guardian rushes to your aid. [demonic ancestry]
  6581 | D:7      | Reached XP level 9. HP: 71/71 MP: 9/13
  6852 | D:7      | Mangled by an orc warrior

Skill      XL: |  1  2  3  4  5  6  7  8 |
---------------+-------------------------+-----
Fighting       | 1 2 3 4 |  4.5
Maces & Flails | 1 3 4 6 7 9 |  9.6
Armour         | 2 |  2.7
Staves         | |  2.6
Spellcasting   | |  3.0
Fire Magic     | |  1.7
Evocations     | |  2.0

Action                   |  1- 3 |  4- 6 |  7- 9 || total
-------------------------+-------+-------+-------++-------
Melee: Club              |   233 |   187 |       ||   420
       Whip              |       |   178 |   436 ||   614
       Morningstar       |       |       |    22 ||    22
Evoke: Wand              |    15 |     4 |     5 ||    24
  Use: Scroll            |       |     8 |     3 ||    11
       Potion            |       |     7 |     5 ||    12
 Stab: Confused          |     4 |     1 |    10 ||    15
       Sleeping          |     1 |       |       ||     1
  Eat: Chunk             |     3 |     9 |     7 ||    19
       Bread ration      |       |       |     1 ||     1
Armor: Robe              |    26 |       |       ||    26
       Ring mail         |    99 |   179 |   125 ||   403
Dodge: Dodged            |   203 |   174 |   153 ||   530
